Map: Odyssey LE

Players

Stephano

  • Race: Zerg Zerg
  • Spawn Location: 5:00

Nerchio - Winner!

  • Race: Zerg Zerg
  • Spawn Location: 11:00

Event: WCS Valencia 2017

VOD

Have the link to the VOD?

Description

Time

  • Played on: July 14, 2017, 8:03 a.m.
  • Length: 9:45

All games in this series

Show
View Real Time Build Order
Export as new Build Order

Stephano Zerg 

Build Orders: Hatch First 

Get SALT Encoding   

  12  0:01  Drone  
  13  0:12  Overlord  
  13  0:17  Drone  
  14  0:31  Drone x2  
  14  0:34  Drone  
  17  0:52  Hatchery  
  17  0:54  Drone  
  17  0:57  Extractor  
  17  0:58  Drone  
  17  1:13  Spawning Pool  
  17  1:16  Drone  
  17  1:19  Drone  
  18  1:28  Drone  
  19  1:40  Overlord  
  19  1:53  Drone  
  20  2:00  Queen  
  20  2:01  Metabolic Boost  
  22  2:02  Drone  
  22  2:04  Queen  
  22  2:08  Zergling x2  
  26  2:14  Zergling x2  
  27  2:16  Drone  
  28  2:23  Drone  
  29  2:31  Drone  
  29  2:34  Drone  
  29  2:36  Queen  
  33  2:46  Hatchery  
  33  2:50  Overlord  
  32  2:56  Baneling Nest  
  31  3:01  Zergling x4  
  31  3:04  Zergling x2  
  31  3:05  Zergling x2  
  35  3:10  Zergling x6  
  35  3:12  Zergling x8  
  41  3:24  Zergling x4  
  40  3:37  Hatchery  
  38  3:42  Baneling x3  
  38  3:45  Drone x2  
  40  3:49  Zergling x4, Drone  
  41  3:56  Overlord  
  40  4:02  Drone  
  40  4:03  Drone x2  
  40  4:05  Drone  
  43  4:10  Zergling x2  
  43  4:15  Baneling x4  
  43  4:19  Zergling x6  
  43  4:23  Overlord  
  46  4:30  Zergling x2  
  43  4:44  Overlord  
  43  4:45  Zergling x6  
  45  4:50  Queen  
  47  4:57  Zergling x4  
  46  5:06  Zergling x2  
  46  5:07  Zergling x10  
  47  5:11  Drone x3  
  47  5:12  Queen  
  54  5:18  Baneling x3  
  52  5:25  Zergling x6  
  52  5:26  Zergling x10  
  53  5:39  Zergling x8  
  54  5:48  Zergling x4  
  54  5:49  Zergling x6  
  55  5:52  Zergling x2  
  55  5:53  Baneling  
  55  5:54  Baneling x3  
  54  6:04  Zergling x10  
  54  6:10  Spore Crawler  
  57  6:11  Drone x2  
  57  6:12  Drone  
  57  6:15  Zergling x2  
  60  6:23  Zergling x2  
  60  6:24  Zergling x6  
  64  6:32  Overlord  
  53  6:41  Zergling x8  
  53  6:46  Zergling x2  
  53  6:47  Zergling x12  
  64  6:54  Drone x3  
  63  6:56  Extractor  
  63  6:57  Roach Warren  
  61  7:09  Overlord  
  61  7:13  Overlord x2  
  52  7:39  Roach x13  
  78  7:50  Roach x2  
  80  7:53  Overlord  
  80  7:54  Zergling x2  
  80  7:55  Zergling x4  
  82  8:01  Zergling x6  
  82  8:05  Zergling x10  
  90  8:07  Overlord  
  90  8:13  Zergling x6  
  93  8:31  Baneling x7  
  93  8:32  Baneling  
  93  8:33  Zergling x10  
  98  8:39  Zergling x8  
  99  8:48  Zergling x10  
  93  8:54  Zergling x6  
  70  9:05  Roach x3  
  69  9:12  Evolution Chamber  
  69  9:13  Drone x3  
  71  9:18  Baneling x3  
  71  9:19  Baneling  
  71  9:24  Baneling x4  
Show
View Real Time Build Order
Export as new Build Order

Nerchio Zerg - Winner!

Build Orders: Hatch First, Zergling Baneling 

Get SALT Encoding   

  12  0:00  Drone  
  13  0:12  Overlord  
  13  0:16  Drone  
  14  0:31  Drone x2  
  14  0:34  Drone  
  17  0:52  Hatchery  
  17  0:55  Drone  
  17  0:58  Drone  
  18  1:06  Extractor  
  17  1:14  Spawning Pool  
  17  1:17  Drone  
  17  1:20  Drone  
  18  1:28  Drone  
  19  1:38  Overlord  
  19  2:01  Queen, Zergling x2  
  19  2:02  Zergling x2  
  19  2:03  Queen  
  19  2:04  Zergling x2  
  19  2:07  Metabolic Boost  
  26  2:11  Drone  
  26  2:14  Drone  
  28  2:22  Drone  
  29  2:25  Drone  
  30  2:32  Drone  
  31  2:46  Hatchery  
  31  2:47  Zergling x4  
  31  2:50  Zergling x2  
  33  2:56  Baneling Nest  
  33  2:58  Zergling x2  
  33  3:01  Zergling x2  
  34  3:05  Overlord  
  34  3:10  Zergling x2  
  34  3:11  Zergling x2  
  35  3:24  Drone x5  
  40  3:27  Drone  
  40  3:33  Zergling x2  
  40  3:34  Zergling x2  
  42  3:41  Zergling x2  
  42  3:45  Overlord  
  42  3:47  Baneling x2  
  43  3:53  Zergling x2  
  43  3:56  Zergling x2  
  43  3:57  Queen  
  43  3:58  Overlord  
  44  4:03  Baneling  
  44  4:04  Zergling x6  
  44  4:06  Drone  
  44  4:09  Drone  
  49  4:11  Drone  
  49  4:16  Drone x2  
  51  4:25  Zergling x10  
  51  4:26  Zergling x2  
  51  4:27  Baneling  
  51  4:30  Drone  
  51  4:31  Drone  
  56  4:32  Drone  
  56  4:35  Drone x2  
  58  4:40  Baneling  
  58  4:41  Baneling  
  58  4:42  Zergling x2  
  59  4:45  Zergling x2  
  59  4:48  Zergling x2  
  59  4:49  Overlord  
  59  4:51  Zergling x4  
  60  4:55  Zergling x4  
  60  4:59  Baneling x3, Zergling x2  
  59  5:03  Zergling x2  
  59  5:04  Extractor  
  58  5:07  Zergling x2  
  58  5:08  Zergling x6  
  58  5:14  Zergling x2  
  58  5:18  Evolution Chamber  
  58  5:21  Baneling x2, Zergling x4  
  57  5:24  Queen, Drone  
  57  5:25  Queen  
  63  5:32  Drone  
  63  5:33  Drone x3  
  63  5:34  Drone  
  63  5:35  Drone  
  67  5:42  Zergling x6  
  69  5:43  Zergling x2  
  69  5:46  Zergling x4  
  69  5:47  Zergling x2  
  69  5:49  Zergling x2  
  66  5:50  Zergling x2  
  66  5:52  Zergling x2  
  66  5:57  Zerg Missile Weapons Level 1  
  68  5:58  Zergling x2  
  68  6:00  Zergling x2  
  68  6:03  Zergling x2  
  71  6:08  Lair  
  71  6:09  Roach Warren  
  71  6:10  Zergling x2  
  66  6:21  Baneling x2  
  66  6:23  Overlord x2  
  66  6:25  Zergling x12  
  72  6:28  Zergling x4  
  72  6:32  Baneling x2  
  73  6:35  Overlord  
  64  6:41  Zergling x10  
  64  6:42  Zergling x2  
  67  6:50  Baneling x2, Roach  
  67  6:51  Roach  
  67  6:52  Roach  
  67  6:53  Roach x2  
  76  6:57  Roach  
  76  6:58  Roach  
  76  7:00  Roach  
  82  7:03  Roach  
  82  7:06  Roach  
  86  7:12  Roach  
  88  7:16  Roach  
  88  7:17  Extractor x2  
  88  7:20  Roach  
  90  7:24  Overlord x2  
  90  7:25  Roach  
  90  7:29  Roach  
  86  7:33  Roach  
  86  7:35  Overlord  
  87  7:37  Roach  
  87  7:38  Overlord  
  87  7:42  Roach  
  91  7:48  Roach  
  91  7:52  Zergling x14  
  96  8:05  Glial Reconstitution  
  96  8:06  Zergling x2  
  96  8:07  Zergling x4  
  96  8:10  Zergling x6  
  96  8:11  Zergling x6  
  96  8:12  Zergling x4  
  107  8:18  Zergling x2  
  107  8:19  Zergling x2  
  109  8:24  Zergling x2  
  110  8:29  Zergling x2  
  110  8:34  Zergling x4  
  113  8:37  Baneling x2  
  113  8:38  Roach x3  
  116  8:41  Roach x2  
  116  8:45  Roach x2  
  116  8:48  Roach  
  116  8:49  Roach  
  116  8:51  Roach  
  116  8:53  Roach  
  116  8:55  Roach  
  110  9:00  Roach x2  
  107  9:03  Roach  
  107  9:04  Roach  
  107  9:07  Roach  
  112  9:10  Roach  
  112  9:12  Roach  
  112  9:14  Roach  
  112  9:16  Roach  
  118  9:20  Overlord  
  118  9:24  Overlord  
  118  9:32  Drone  
  118  9:33  Drone x3  
Tags
 
Add a new tag
Caveats
  • Supply blocks, unpowered buildings, or Contaminate may cause inaccurate times.
  • Supply counts are checked every 10 seconds.